 Dungeon Crawl Stone Soup version 0.22.1-6-g1668fe2c40 (webtiles) character file.

14354 Ramireus the Grappler (level 12, 0/72 HPs)
             Began as an Octopode Transmuter on Jan 18, 2019.
             Was a Believer of Ashenzari.
             Slain by an ice devil (5 damage)
             ... summoned by an orc high priest
             ... on level 1 of the Orcish Mines on Jan 23, 2019.
             The game lasted 01:31:47 (16469 turns).

Ramireus the Grappler (Octopode Transmuter)        Turns: 16469, Time: 01:31:48

Health: 0/72       AC:  5    Str: 14    XL:     12   Next: 15%
Magic:  31/31      EV: 28    Int: 16    God:    Ashenzari [**....]
Gold:   1024       SH:  0    Dex: 17    Spells: 11/25 levels left

rFire    . . .     SeeInvis .     - Unarmed
rCold    + . .     Gourm    .   (shield currently unavailable)
rNeg     . . .     Faith    .   (helmet currently unavailable)
rPois    .         Spirit   .   (no amulet)
rElec    .         Reflect  .   i - ring of flight
rCorr    .         Harm     .   p - +1 ring of protection
MR       .....                  r - +2 ring of protection
Stlth    ++........             u - ring of protection from cold
HPRegen  0.22/turn              B - ring of magical power
MPRegen  0.22/turn              A - ring of poison resistance (curse)
                                (no ring)
                                (no ring)

@: spider-form
A: tiny, almost no armour, stealthy swim, (amphibious), 8 rings, (constrict 8)
a: End Transformation, Curse Item, Scrying, Renounce Religion, Evoke Flight


You were on level 1 of the Orcish Mines.
You worshipped Ashenzari.
Ashenzari was pleased with you.
You were not hungry.
You were a venomous arachnid creature.
You visited 4 branches of the dungeon, and saw 15 of its levels.
You also visited: Sewer.

You collected 1024 gold pieces.

Inventory:

Missiles
 a - 215 arrows
 q - 6 javelins (quivered)
 v - 7 tomahawks
 G - 2 throwing nets
Jewellery
 i - a ring of flight (left front leg)
 p - a +1 ring of protection (right front leg)
 r - a +2 ring of protection (on tentacle)
 u - a ring of protection from cold (on tentacle)
 A - a cursed ring of poison resistance (on tentacle)
 B - a ring of magical power (on tentacle)
Wands
 e - a wand of acid (22)
 m - a wand of disintegration (14)
 t - a wand of random effects (33)
 F - a wand of iceblast (19)
 L - a wand of flame (24)
Scrolls
 d - 7 scrolls of teleportation
 f - 2 scrolls of enchant armour
 g - 5 scrolls of noise {unknown}
 h - 2 scrolls of enchant weapon
 k - 3 scrolls of fear
 n - 6 scrolls of remove curse
 o - 2 scrolls of identify
 y - a scroll of blinking {unknown}
 C - a scroll of amnesia {unknown}
 D - a scroll of holy word {unknown}
 H - a scroll of silence {unknown}
 I - a scroll of fog {unknown}
 N - a scroll of magic mapping
Potions
 b - a potion of resistance {unknown}
 j - 9 potions of curing
 l - 3 potions of lignification
 w - a potion of brilliance {unknown}
 x - 3 potions of might
 z - 3 potions of flight
 E - a potion of ambrosia
 J - 2 potions of mutation {unknown}
 K - 3 potions of agility
 M - a potion of cancellation {unknown}
Comestibles
 c - 16 rations
 s - 10 chunks of flesh


   Skills:
 + Level 3.5 Fighting
 * Level 9.0 Dodging
 + Level 12.2 Unarmed Combat
 + Level 7.1 Spellcasting
 * Level 8.4 Transmutations
 * Level 1.2 Earth Magic
 - Level 5.0 Poison Magic


You had 11 spell levels left.
You knew the following spells:

 Your Spells              Type           Power        Failure   Level  Hunger
a - Beastly Appendage     Tmut           ####..       3%          1    None
b - Sticks to Snakes      Tmut           ####....     3%          2    None
c - Spider Form           Tmut/Pois      ####......   9%          3    ##.....
d - Blink                 Tloc           N/A          38%         2    None
e - Statue Form           Tmut/Erth      ###......    98%         6    #######

Your spell library contained the following spells:

 Spells                   Type           Power        Failure   Level  Hunger
 Poisonous Vapours        Pois/Air       ##....       19%         2    None
 Blade Hands              Tmut           ####......   26%         5    #####..
 Animate Skeleton         Necr           N/A          28%         1    None
 Apportation              Tloc           #.....       28%         1    None
 Confusing Touch          Hex            #.....       28%         1    None
 Flame Tongue             Conj/Fire      #....        28%         1    None
 Magic Dart               Conj           #...         28%         1    None
 Summon Small Mammal      Summ           #...         28%         1    None
 Call Imp                 Summ           #.......     38%         2    None
 Slow                     Hex            #.......     38%         2    None
 Throw Flame              Conj/Fire      #.....       38%         2    None
 Mephitic Cloud           Conj/Pois/Air  ##......     38%         3    ##.....
 Ice Form                 Ice/Tmut       ###.....     43%         4    ####...
 Conjure Flame            Conj/Fire      #.......     58%         3    ##.....
 Inner Flame              Hex/Fire       #.......     58%         3    ##.....
 Hydra Form               Tmut           ####......   71%         6    #######
 Irradiate                Conj/Tmut      ###.......   73%         5    #####..
 Sticky Flame             Conj/Fire      #.......     90%         4    ####...
 Fireball                 Conj/Fire      #.........   99%         5    #####..
 Dragon Form              Tmut           ####......   99%         7    #######
 Freezing Cloud           Conj/Ice/Air   #.........   100%        6    #######
 Ring of Flames           Chrm/Fire      #.........   100%        7    #######


Dungeon Overview and Level Annotations

Branches:
Dungeon (11/15)            Temple (1/1) D:5            Lair (2/6) D:11
    Orc (1/2) D:11
  Swamp: Lair:2-4    Shoals: Lair:2-4     Snake: Lair:2-4    Spider: Lair:2-4

Altars:
Ashenzari
Cheibriados
Dithmenos
Elyvilon
Fedhas
Gozag
Kikubaaqudgha
Nemelex Xobeh
Okawaru
Qazlal
Ru
Sif Muna
Trog
Wu Jian
The Shining One

Shops:
D:5 [


Innate Abilities, Weirdness & Mutations

You cannot wear most types of armour.
You are very stealthy in the water. (Stealth+)
((You are amphibious.))
You can wear up to eight rings at the same time.
((You can use your tentacles to constrict eight enemies at once.))
((Your skin changes colour to match your surroundings (Stealth+).))
((Your rubbery body absorbs attacks. (AC +1, EV +1)))


Message History

The orc high priest closely misses you. The ice devil hits you!
The ice devil freezes you. You resist. The ice devil closely misses you.
The ice devil hits you! The ice devil freezes you! You resist.
You hit the orc high priest.
The orc high priest is lightly wounded.
The ice devil hits you!
* * * LOW HITPOINT WARNING * * *
The ice devil freezes you! You resist.
* * * LOW HITPOINT WARNING * * *
The orc high priest completely misses you.
Okay, then.
As you read the scroll of fear, it crumbles to dust.
You assume a fearsome visage.
The ice devil is unaffected.
The orc high priest looks frightened!
The ice devil is unaffected.
The ice devil barely misses you. The ice devil misses you.
You feel better. The ice devil hits you!
* * * LOW HITPOINT WARNING * * *
The ice devil freezes you. You resist.
You die...

##.####.#.........##....
##*##.................. *
,# ###...................
,
..#.##..................
....$##.................
#.....................))
*#$.....$....>.........#.
........4.............#)
...#...s4.............))
#. ##...........#.......
# #....o..##..........
##..................
##...............#..
*#...$...............
,##.##...............
.................... * ,
.................#...


You could see an orc high priest (fleeing) and 2 ice devils.

Vanquished Creatures
  Snorg (Orc:1)
  A two-headed ogre (D:10)
  A manticore (D:11)
  The ghost of Riddle the Covert, a novice SpVM of Sif Muna (D:9)
  2 spiny frogs (Lair:1)
  A troll (Orc:1)
  3 hippogriffs
  5 blink frogs (Lair:1)
  14 yaks
  A wraith (D:10)
  Eustachio (D:4)
  Grum (D:9)
  4 basilisks
  Menkaure (D:4)
  A warg (Orc:1)
  Edmund (D:5)
  A water moccasin (Lair:1)
  4 porcupines
  Duvessa (D:5)
  A sky beast (D:8)
  7 orc warriors
  An ice beast (D:10)
  A necrophage (D:7)
  3 centaurs
  3 phantoms (D:4)
  4 wolves (D:9)
  6 ogres
  3 crocodiles
  5 big kobolds
  9 bullfrogs
  Blork the orc (D:6)
  Dowan (D:5)
  A water moccasin zombie (D:5)
  5 scorpions
  3 wyvern skeletons (D:11)
  4 wights (D:7)
  4 howler monkeys
  3 crimson imps
  2 centaur zombies
  3 hounds
  A quasit (D:6)
  A centaur skeleton (D:10)
  A gnoll shaman (D:6)
  7 orc priests
  3 jellies
  7 orc wizards
  2 bullfrog skeletons
  6 iguanas
  8 worker ants
  A hound zombie (D:8)
  3 hound skeletons (D:3)
  A worker ant zombie (D:3)
  A howler monkey zombie (D:8)
  9 gnolls
  A howler monkey skeleton (D:11)
  17 adders
  A shadow imp (D:9)
  4 oozes
  4 adder skeletons
  5 dart slugs
  2 worms
  8 leopard geckos
  47 orcs
  2 ball pythons
  11 bats
  10 giant cockroaches
  11 goblins
  6 hobgoblins
  8 jackals
  2 quokkas
  2 ball python skeletons
  4 frilled lizards
  A jackal zombie (D:3)
  31 kobolds
  A leopard gecko skeleton (D:3)
  A quokka skeleton (D:6)
  12 rats
357 creatures vanquished.

Vanquished Creatures (others)
  A fungus (D:11)
  6 plants (D:11)
7 creatures vanquished.

Grand Total: 364 creatures vanquished

Notes
Turn   | Place    | Note
-------+----------+-------------------------------------------
     0 | D:1      | Ramireus the Octopode Transmuter began the quest for the
                  | Orb.
     0 | D:1      | Reached XP level 1. HP: 13/13 MP: 3/3
   394 | D:1      | Reached XP level 2. HP: 5/18 MP: 3/5
   399 | D:1      | Learned a level 2 spell: Sticks to Snakes
  1109 | D:1      | Reached XP level 3. HP: 22/23 MP: 6/6
  1115 | D:1      | Learned a level 3 spell: Spider Form
  1878 | D:2      | Reached XP level 4. HP: 28/28 MP: 7/7
  2187 | D:3      | Reached skill level 1 in Poison Magic
  2558 | D:3      | Reached skill level 4 in Unarmed Combat
  2588 | D:3      | Reached XP level 5. HP: 33/33 MP: 5/9
  3015 | D:3      | Reached XP level 6. HP: 37/38 MP: 3/10
  3305 | D:4      | Found a glowing drain.
  3307 | D:4      | Noticed a phantom
  3355 | D:4      | Killed a phantom
  3355 | D:4      | Reached skill level 5 in Unarmed Combat
  3355 | D:4      | Reached XP level 7. HP: 22/43 MP: 8/12
  3362 | Sewer    | Entered a sewer
  3981 | D:4      | Noticed Menkaure
  4000 | D:4      | Killed Menkaure
  4000 | D:4      | Reached skill level 6 in Unarmed Combat
  4000 | D:4      | Reached XP level 8. HP: 16/48 MP: 11/13
  4468 | D:4      | Found a shadowy altar of Dithmenos.
  4810 | D:4      | Reached skill level 5 in Poison Magic
  5188 | D:4      | Noticed Eustachio
  5203 | D:4      | Killed Eustachio
  5300 | D:5      | Entered Level 5 of the Dungeon
  5337 | D:5      | Found Zuaz's Antique Armour Boutique.
  5407 | D:5      | Reached skill level 7 in Unarmed Combat
  5599 | D:5      | Found a staircase to the Ecumenical Temple.
  5616 | D:5      | Noticed Duvessa
  5626 | D:5      | Noticed Dowan
  5631 | D:5      | Killed Duvessa
  5641 | D:5      | Killed Dowan
  5641 | D:5      | Reached XP level 9. HP: 29/54 MP: 10/16
  5825 | D:5      | Noticed Edmund
  5840 | D:5      | Killed Edmund
  6164 | D:6      | Noticed Blork the orc
  6178 | D:6      | Killed Blork the orc
  6513 | D:6      | Reached skill level 8 in Unarmed Combat
  6600 | D:6      | Reached skill level 5 in Dodging
  6600 | D:6      | Reached skill level 5 in Spellcasting
  6920 | D:6      | Reached skill level 5 in Transmutations
  8474 | Temple   | Entered the Ecumenical Temple
  8595 | Temple   | Became a worshipper of Ashenzari the Shackled
  8695 | D:8      | Reached XP level 10. HP: 55/60 MP: 18/18
  8719 | D:8      | Found an ornate altar of the Wu Jian Council.
  8769 | D:8      | Reached skill level 9 in Unarmed Combat
  9709 | D:9      | Found a bloodstained altar of Trog.
 10042 | D:9      | Noticed Grum
 10090 | D:9      | Killed Grum
 10377 | D:9      | Found a large runed door.
 10377 | D:9      | Found a large runed door.
 10387 | D:9      | Noticed Riddle's ghost (novice SpVM)
 10412 | D:9      | Killed Riddle's ghost
 10455 | D:9      | HP: 2/62 [basilisk (17)]
 11298 | D:10     | Entered Level 10 of the Dungeon
 11333 | D:10     | Noticed a two-headed ogre
 11364 | D:10     | Killed a two-headed ogre
 11364 | D:10     | Reached skill level 10 in Unarmed Combat
 11465 | D:10     | Learned a level 2 spell: Blink
 11566 | D:10     | Reached * piety under Ashenzari
 12043 | D:10     | Reached XP level 11. HP: 67/67 MP: 20/20
 12274 | D:11     | Noticed a manticore
 12286 | D:11     | Killed a manticore
 12684 | D:11     | Found a staircase to the Orcish Mines.
 12849 | D:11     | Found a staircase to the Lair.
 12911 | D:11     | Reached skill level 11 in Unarmed Combat
 14386 | Lair:1   | Entered Level 1 of the Lair of Beasts
 14564 | D:11     | HP: 1/67 [yak (10)]
 15204 | Lair:1   | Reached ** piety under Ashenzari
 15467 | Lair:1   | Learned a level 6 spell: Statue Form
 16024 | Lair:2   | Noticed a six-headed hydra
 16102 | Orc:1    | Entered Level 1 of the Orcish Mines
 16141 | Orc:1    | Noticed Snorg
 16161 | Orc:1    | Killed Snorg
 16161 | Orc:1    | Reached skill level 12 in Unarmed Combat
 16161 | Orc:1    | Reached XP level 12. HP: 66/72 MP: 22/22
 16194 | Orc:1    | Reached skill level 1 in Earth Magic
 16370 | Orc:1    | Noticed an orc high priest
 16469 | Orc:1    | Slain by an ice devil

Skill      XL: |  1  2  3  4  5  6  7  8  9 10 11 12 |
---------------+-------------------------------------+-----
Poison Magic   | 2 3 4 5 |  5.0
Unarmed Combat | 4 5 6 7 8 10 12 | 12.2
Spellcasting   | 3 4 5 6 7 |  7.1
Transmutations | 3 4 5 6 8 |  8.4
Dodging        | 3 4 5 7 9 |  9.0
Fighting       | 2 3 |  3.5
Earth Magic    | 1 |  1.2

Action                   |  1- 3 |  4- 6 |  7- 9 | 10-12 || total
-------------------------+-------+-------+-------+-------++-------
Melee: Unarmed           |    92 |   157 |   359 |   543 ||  1151
       Constrict         |    24 |    15 |    27 |     5 ||    71
       Kick              |    17 |    11 |    31 |    11 ||    70
       Tentacles         |    11 |    12 |    18 |    11 ||    52
       Punch             |     1 |     2 |     3 |     5 ||    11
 Cast: Beastly Appendage |    18 |    11 |    24 |    10 ||    63
       Spider Form       |     3 |    11 |    33 |    60 ||   107
Invok: Curse Item        |       |       |       |     1 ||     1
  Use: Scroll            |       |     5 |     8 |     5 ||    18
       Potion            |       |       |     3 |     8 ||    11
 Stab: Sleeping          |     5 |     3 |     4 |     3 ||    15
       Distracted        |       |       |       |     1 ||     1
       Invisible         |       |       |       |     4 ||     4
  Eat: Chunk             |     4 |     6 |    15 |    25 ||    50
       Ration            |       |       |     1 |     1 ||     2
Armor: Skin              |    13 |    30 |    38 |    23 ||   104
Dodge: Dodged            |    62 |    97 |   259 |   546 ||   964
